 Dungeon Crawl Stone Soup version 0.28.0-62-gf88900778d (webtiles) character file.

Game seed: 8399798608173897210

49 cbfl8 the Skirmisher (level 3, -3/29 HPs)
             Began as a Demonspawn Berserker on Apr 16, 2024.
             Was a Believer of Trog.
             Slain by an ogre
             ... wielding a +0 giant club
              (21 damage)
             ... on level 2 of the Dungeon.
             The game lasted 00:00:57 (1794 turns).

cbfl8 the Skirmisher (Demonspawn Berserker)         Turns: 1794, Time: 00:00:58

Health: -3/29      AC:  8    Str: 17    XL:     3   Next: 51%
Magic:  3/3        EV:  7    Int:  8    God:    Trog [**....]
Gold:   24         SH:  0    Dex: 14    Spells: 2/2 levels left

rFire   . . .      SeeInvis .   a - +0 hand axe
rCold   . . .      Faith    .   (no shield)
rNeg    . . .      Spirit   .   d - +0 chain mail
rPois   .          Reflect  .   (helmet restricted)
rElec   .          Harm     .   (no cloak)
rCorr   .          Rampage  .   (no gloves)
Will    .....                   (no boots)
Stlth   ..........              (no amulet)
HPRegen 0.09/turn               (no ring)
MPRegen 0.16/turn               (no ring)

@: no status effects
A: antennae 1, magic regeneration
a: Renounce Religion, Berserk, Trog's Hand


You were on level 2 of the Dungeon.
You worshipped Trog.
Trog was pleased with you.
You visited 1 branch of the dungeon, and saw 2 of its levels.

You collected 24 gold pieces.

Inventory:

Hand Weapons
 a - a +0 hand axe (weapon)
Armour
 d - a +0 chain mail (worn)
Scrolls
 b - 2 scrolls of immolation {unknown}
 c - a scroll of enchant weapon {unknown}
 f - a scroll of blinking {unknown}
 g - a scroll of teleportation {unknown}
Potions
 e - 2 potions of degeneration {unknown}
 h - a potion of might {unknown}
 i - a potion of curing {unknown}


   Skills:
 + Level 3.5 Fighting
 + Level 3.3 Axes
 + Level 2.0 Armour
 - Level 1.7 Dodging
 * Level 1.2 Evocations


You had 2 spell levels left.
You didn't know any spells.
Your spell library was empty.

Dungeon Overview and Level Annotations

Branches:
Dungeon (2/15)

Altars:


Innate Abilities, Weirdness & Mutations

You have a pair of small antennae on your head.
You regenerate magic rapidly.


Message History

An adder is nearby!
You miss the adder.
You feel sick. The adder bites you but does no damage.
An adder is nearby!
You miss the adder.
You feel sick. The adder barely misses you.
The adder bites you but does no damage.
An adder is nearby!
You miss the adder.
You feel sick. The adder bites you but does no damage.
An adder is nearby!
You miss the adder.
You feel sick.
You are no longer poisoned.
The adder bites you. x2
An adder is nearby!
You closely miss the adder. The adder bites you but does no damage.
An adder is nearby!
You slash the adder!
The adder is heavily wounded.
The adder barely misses you. The adder bites you but does no damage.
An adder is nearby!
You hit the adder.
You kill the adder!
Trog accepts your kill.
No target in view!
You see here an adder corpse.
HP restored.
You see here an adder corpse.
Found 12 stones.
No target in view!
i - a brown potion No target in view!
Found 10 bolts.
No target in view!
An ogre comes into view. It is wielding a +0 giant club.
The ogre shouts!
The ogre hits you with a +0 giant club!
There is an open door here.
An ogre is nearby!
You barely miss the ogre.
The ogre hits you with a +0 giant club!!
Ouch! That really hurt!
You die...

# ## .#. #.#
.... ... #...#
#.# .....# #.###
......# #.#.##
......O###....##
.......@.......#
.......###....##
......##.....##
.....# #.#.#.#
#...# #(#.#.#
##'# #.....# #.#
###.###
#.#######.#
##.........#


You could see an ogre.

Vanquished Creatures
  An adder (D:2)
  2 dart slugs (D:1)
  A ball python (D:1)
  3 endoplasms
  2 giant cockroaches
  3 hobgoblins (D:1)
  3 jackals (D:1)
  A quokka (D:1)
  5 bats
  2 frilled lizards (D:1)
  3 goblins
  2 kobolds (D:1)
  4 rats (D:1)
32 creatures vanquished.

Notes
Turn   | Place    | Note
-------+----------+-------------------------------------------
     0 | D:1      | cbfl8 the Demonspawn Berserker began the quest for the Orb.
     0 | D:1      | Reached XP level 1. HP: 18/18 MP: 1/1
   366 | D:1      | Gained mutation: You regenerate magic rapidly. [demonic
                  | ancestry]
   366 | D:1      | Reached XP level 2. HP: 8/24 MP: 2/2
  1059 | D:1      | Reached ** piety under Trog
  1078 | D:1      | Reached skill level 1 in Evocations
  1089 | D:1      | Gained mutation: You have a pair of small antennae on your
                  | head. [demonic ancestry]
  1089 | D:1      | Reached XP level 3. HP: 24/29 MP: 3/3
  1792 | D:2      | Noticed an ogre
  1794 | D:2      | Slain by an ogre

Illustrated notes

Levels and vault maps discovered:
D:1:      beargit_arrival_greenhouse, layout_basic, minivault_26,
          grunt_decor_arrowhead, st_stairs_10, minmay_octomino_e4
D:2:      layout_loops_corners, basic_altar, hangedman_decor_growths,
          uniq_crazy_yiuf_cottage, uniq_terence

Skill      XL: |  1  2 |
---------------+-------+-----
Axes           | 3 |  3.3
Evocations     | 1 |  1.2
Armour         | 2 |  2.0
Fighting       | |  3.5
Dodging        | |  1.7

Action                   || total
-------------------------++-------
Melee: Hand axe          ||    94
       Punch             ||     1
Armor: Animal skin       ||     5
       Chain mail        ||    45
Dodge: Dodged            ||    48
